 Dungeon Crawl Stone Soup version 0.22-a0-142-g91cc6d7 (webtiles) character file.

240 Azzok the Skirmisher (level 6, -10/44 HPs)
             Began as a Gargoyle Fighter on Feb 5, 2018.
             Was an Initiate of Okawaru.
             Splashed by Ijyb's acid (11 damage)
             ... on level 3 of the Dungeon.
             The game lasted 00:07:32 (2474 turns).

Azzok the Skirmisher (Gargoyle Fighter)             Turns: 2474, Time: 00:07:33

Health: -10/44     AC:  4    Str: 26    XL:     6   Next: 8%
Magic:  6/6        EV:  7    Int:  9    God:    Okawaru [......]
Gold:   94         SH: 10    Dex:  9    Spells: 5/5 levels left

rFire    . . .     SeeInvis .   a - +0 long sword
rCold    . . .     Gourm    .   c - +1 shield
rNeg     + . .     Faith    .   b - +0 scale mail
rPois    ∞         Spirit   .   (no helmet)
rElec    +         Reflect  .   (no cloak)
rCorr    .         Harm     .   (no gloves)
MR       .....                  i - +0 pair of boots {Fly}
Stlth    ..........             (no amulet)
HPRegen  0.14/turn              (no ring)
MPRegen  0.10/turn              (no ring)

@: mighty, corroded
A: negative energy resistance 1, electricity resistance, unbreathing,
petrification resistance, rot immunity, AC +4
a: Renounce Religion, Evoke Flight


You were on level 3 of the Dungeon.
You worshipped Okawaru.
Okawaru was noncommittal.
You were not hungry.

You visited 1 branch of the dungeon, and saw 3 of its levels.

You collected 94 gold pieces.

Inventory:

Hand Weapons
 a - a +0 long sword (weapon)
Missiles
 g - 42 arrows
Armour
 b - a +0 scale mail (worn)
 c - a +1 shield (worn)
 i - a +0 pair of boots of flying (worn)
Scrolls
 e - a scroll of noise {unknown}
 j - a scroll of immolation {unknown}
 l - 4 scrolls of identify {unknown}
 m - a scroll of remove curse
Potions
 h - a potion of agility {unknown}
 k - a potion of magic {unknown}
 n - a potion of haste {unknown}
 p - 2 potions of curing {unknown}
 q - a potion of brilliance {unknown}
 r - a potion of degeneration {unknown}
Comestibles
 f - 8 rations
 o - 8 chunks of flesh


   Skills:
 + Level 7.2 Fighting
 - Level 1.7 Long Blades
 - Level 3.2 Armour
 - Level 3.2 Shields


You had 5 spell levels left.
You didn't know any spells.

Dungeon Overview and Level Annotations

Branches:
Dungeon (3/15)

Altars:
Elyvilon
Okawaru
Uskayaw

Annotations:
D:3 Ijyb


Innate Abilities, Weirdness & Mutations

You are resistant to torment.
Your stone body is resilient. (AC +4)
You are immune to poison.
You resist negative energy. (rN+)
You are resistant to electric shocks. (rElec)
You can survive without breathing.
You are immune to petrification.
You are immune to rotting.


Message History

Okawaru accepts your kill.
Your Fighting skill increases to level 7!
You have reached level 6!
Your experience leads to an increase in your attributes!
Increase (S)trength, (I)ntelligence, or (D)exterity?
You feel stronger.
You closely miss Ijyb.
Ijyb zaps a wand.
The bolt of acid hits you! The acid corrodes you!
You are splashed with acid!
The acid burns!
It is a wand of acid (6).
You hit Ijyb.
Ijyb is lightly wounded.
Ijyb hits you but does no damage. You block Ijyb's attack.
Your shield and scale mail prevent you from hitting Ijyb.
Ijyb is lightly wounded.
Ijyb hits you but does no damage.
You feel very mighty all of a sudden.
Ijyb zaps a wand.
The bolt of acid hits you!
* * * LOW HITPOINT WARNING * * *
The acid corrodes you!
You are splashed with acid!
The acid burns!
You die...

▒▒▒▒▒▒▒▒▒▒▒▒
▒··········▒
▒·▒▒▒▒▒▒▒▒·▒
▒▒▒·▒▒ ▒)▒
·····▒ ▒·▒
▒▒▒·▒▒ ▒·▒
▒▒▒
▒·▒▒▒▒▒▒▒▒▒▒▒
▒····@g······
▒▒▒▒▒▒▒▒▒▒▒▒▒


You could see Ijyb.

Vanquished Creatures
  The ghost of Klosterheim the Magician, an amateur DEWz of Vehumet (D:3)
  Jessica (D:2)
  A hound skeleton (D:2)
  5 adders
  5 worms
  3 dart slugs
  4 leopard geckos
  3 orcs (D:3)
  5 giant cockroaches
  7 goblins
  7 hobgoblins
  2 jackals (D:1)
  A quokka (D:3)
  A ball python (D:1)
  5 bats
  4 frilled lizards
  9 kobolds
  2 rats
66 creatures vanquished.

Notes
Turn   | Place    | Note
-------+----------+-------------------------------------------
     0 | D:1      | Azzok the Gargoyle Fighter began the quest for the Orb.
     0 | D:1      | Reached XP level 1. HP: 14/14 MP: 1/1
    37 | D:1      | Reached XP level 2. HP: 5/20 MP: 2/2
   293 | D:1      | Reached skill level 4 in Fighting
   705 | D:1      | Reached XP level 3. HP: 24/24 MP: 3/3
  1294 | D:2      | Reached skill level 5 in Fighting
  1340 | D:2      | Reached XP level 4. HP: 25/31 MP: 4/4
  1504 | D:2      | Found an iron altar of Okawaru.
  1510 | D:2      | Became a worshipper of Warmaster Okawaru
  1672 | D:2      | Noticed Jessica
  1676 | D:2      | Killed Jessica
  1676 | D:2      | Reached skill level 6 in Fighting
  1707 | D:2      | Reached XP level 5. HP: 36/36 MP: 5/5
  2038 | D:3      | Found a white marble altar of Elyvilon.
  2062 | D:3      | Found a hide-covered altar of Uskayaw.
  2382 | D:3      | Found a faded altar of an unknown god.
  2443 | D:3      | Noticed Klosterheim's ghost (amateur DEWz)
  2467 | D:3      | Noticed Ijyb
  2470 | D:3      | Killed Klosterheim's ghost
  2470 | D:3      | Reached skill level 7 in Fighting
  2470 | D:3      | Reached XP level 6. HP: 39/44 MP: 6/6
  2474 | D:3      | HP: 1/44 [Ijyb/wand of acid (6) (14)]
  2474 | D:3      | Splashed by Ijyb's acid

Vault maps used:
D:1:      dpeg_arrival_radiant, minmay_ruptured
D:2:      minmay_misc_feat_four_crosses, okawaru_trees_2, uniq_jessica
D:3:      nicolae_overflow_hidden_temple, lemuel_crystal_altar, first_ration,
          chequers_ecumenical_altar_island, grunt_ministairs_9, uniq_ijyb

Skill      XL: |  1  2  3  4  5 |
---------------+----------------+-----
Fighting       | 4 5 6 7 |  7.2
Long Blades    | |  1.7
Armour         | |  3.2
Shields        | |  3.2

Action                   |  1- 3 |  4- 6 || total
-------------------------+-------+-------++-------
Melee: Long sword        |   125 |   151 ||   276
       Hand axe          |       |    36 ||    36
 Abil: Stop Flying       |       |     1 ||     1
  Use: Scroll            |       |     4 ||     4
       Potion            |       |     1 ||     1
  Eat: Chunk             |     1 |     5 ||     6
Armor: Scale mail        |    63 |    93 ||   156
Dodge: Dodged            |    45 |    43 ||    88
Block: Shield            |    65 |   107 ||   172
       Rpst.: Long sword |    13 |    13 ||    26

Table legend:
 A = Spawn XP
 B = Non-spawn XP
 C = Spawn XP percentage of total XP
 D = Spawn monster count
 E = Non-spawn monster count
 F = Spawn count percentage of total count
 G = Total turns spent on level
                    A         B        C        D         E        F      G
               +---------+---------+-------+---------+---------+-------+---------
         Total |       0 |     344 |   0.0 |       0 |      66 |   0.0 |  2474
               +---------+---------+-------+---------+---------+-------+---------
           D:1 |       0 |      47 |   0.0 |       0 |      25 |   0.0 |  1191
           D:2 |       0 |     142 |   0.0 |       0 |      19 |   0.0 |   787
           D:3 |       0 |     155 |   0.0 |       0 |      22 |   0.0 |   496
               +---------+---------+-------+---------+---------+-------+---------
